 Dungeon Crawl Stone Soup version 0.20.1-1-g8b1a95d (webtiles) character file.

120225 n0isemaker the Spry (level 16, -3/118 HPs)
             Began as a Merfolk Gladiator on July 3, 2017.
             Was the Champion of Hepliaklqana.
             Slain by a wolf spider (14 damage)
             ... on level 1 of the Spider Nest on July 4, 2017.
             The game lasted 02:03:07 (30184 turns).

n0isemaker the Spry (Merfolk Gladiator)            Turns: 30184, Time: 02:03:08

Health: -3/118     AC: 13    Str: 26    XL:     16   Next: 81%
Magic:  20/20      EV: 30    Int:  4    God:    Hepliaklqana [******]
Gold:   2120       SH:  0    Dex: 20    Spells: 15/15 levels left

rFire    + . .     SeeInvis +   E - +5 quarterstaff "Jafoerr" {crush, rF+ rC+ Str+4 SInv}
rCold    + . .     Gourm    .   (shield currently unavailable)
rNeg     . . .     Faith    .   b - +3 leather armour {MR+}
rPois    .         Spirit   .   q - +0 Maxwell's etheric cage {RegenMP+ *Contam rElec MP+4}
rElec    +         Reflect  .   t - scarf {repulsion}
rCorr    .         Harm     .   z - +2 pair of gloves
MR       ++++.     Rnd*Rage +   n - +2 pair of boots
Stlth    ++++++....             r - necklace of Bloodlust {*Rage +Rage MR++ Int-3 Slay+6 *Curse}
Regen    0.3/turn               D - +4 ring of evasion
MPRegen  0.2/turn               K - +5 ring of strength

@: repel missiles
A: change form in water, swift swim, stealthy swim, reduced essence
a: Recall Ancestor, Ancestor Identity, Transference, Idealise, Renounce
Religion, Evoke Berserk Rage


You were on level 1 of the Spider Nest.
You worshipped Hepliaklqana.
Hepliaklqana was exalted by your worship.
You were not hungry.

You visited 4 branches of the dungeon, and saw 23 of its levels.
You also visited: Ice Cave.

You collected 2390 gold pieces.
You spent 270 gold pieces at shops.

Inventory:

Hand Weapons
 C - a +1 demon trident of electrocution
 E - the +5 quarterstaff "Jafoerr" (weapon) {crush, rF+ rC+ Str+4 SInv}
   (You found it on level 5 of the Dungeon)

   It inflicts extra damage upon your enemies.
   It affects your strength (+4).
   It protects you from fire.
   It protects you from cold.
   It lets you see invisible.
Missiles
 x - 6 tomahawks of dispersal
 Q - a throwing net (quivered)
Armour
 b - a +3 leather armour of magic resistance (worn)
 n - a +2 pair of boots (worn)
 q - the +0 Maxwell's etheric cage (worn) {RegenMP+ *Contam rElec MP+4}
   (You acquired it on level 6 of the Lair of Beasts)

   It insulates you from electricity.
   It affects your magic capacity (+4).
   It causes magical contamination when unequipped.
 t - a scarf of repulsion (worn)
 z - a +2 pair of gloves (worn)
 F - the +0 helmet "Qavalag" {Regen+}
   (You bought it in a shop on level 14 of the Dungeon)

   It increases your rate of regeneration.
Jewellery
 r - the necklace of Bloodlust (around neck) {*Rage +Rage MR++ Int-3 Slay+6 *Curse}
   (You found it on level 2 of the Lair of Beasts)

   [amulet of rage]

   It affects your intelligence (-3).
   It affects your accuracy and damage with ranged weapons and melee attacks
   (+6).
   It affects your resistance to hostile enchantments.
   It lets you go berserk.
   It may make you go berserk in combat.
   It curses itself when equipped.
 w - the ring "Supn" {-Tele rElec Str+2 Int+5 Stlth+}
   (You found it in an ice cave)

   [ring of stealth]

   It affects your strength (+2).
   It affects your intelligence (+5).
   It insulates you from electricity.
   It prevents most forms of teleportation.
   It makes you more stealthy.
 y - the ring "Syduroeq" {rCorr Dex+2}
   (You found it in an ice cave)

   [ring of resist corrosion]

   It affects your dexterity (+2).
 D - a +4 ring of evasion (left hand)
 K - a +5 ring of strength (right hand)
Wands
 c - a wand of iceblast (8/15)
 h - a wand of enslavement (7/24)
 G - a wand of paralysis (13/24)
 L - a wand of iceblast (7/15)
 N - a wand of digging (14/24)
 O - a wand of random effects (26/48)
Scrolls
 a - a scroll of recharging
 d - a scroll of holy word
 i - a scroll of enchant armour
 l - a scroll of teleportation
 p - 8 scrolls of remove curse
 u - 3 scrolls of blinking
 M - a scroll of identify
 R - a scroll of fear
 S - 2 scrolls of enchant weapon
Potions
 e - 4 potions of curing
 g - a potion of cancellation
 k - 4 potions of might
 o - 3 potions of resistance
 s - 2 potions of ambrosia
 B - 3 potions of agility
 P - a potion of heal wounds
 V - 3 potions of flight
Books
 v - a book of Misfortune

   Spells                             Type                      Level
   a - Confusing Touch                Hexes                        1
   b - Confuse                        Hexes                        3
   c - Gell's Gravitas                Translocation                3
   d - Petrify                        Transmutation/Earth          4
   e - Metabolic Englaciation         Hexes/Ice                    5
   f - Yara's Violent Unravelling     Hexes/Transmutation          5
 H - a book of Dreams

   Spells                             Type                      Level
   a - Ensorcelled Hibernation        Hexes/Ice                    2
   b - Silence                        Hexes/Air                    5
   c - Darkness                       Hexes                        6
   d - Shadow Creatures               Summoning                    6
 J - a book of Battle

   Spells                             Type                      Level
   a - Infusion                       Charms                       1
   b - Shroud of Golubria             Charms/Translocation         2
   c - Song of Slaying                Charms                       2
   d - Spectral Weapon                Hexes/Charms                 3
   e - Regeneration                   Charms/Necromancy            3
Miscellaneous
 W - a fan of gales
 X - a phial of floods
Comestibles
 f - 12 bread rations
 j - 10 meat rations
 m - 41 fruits
 A - 10 royal jellies


   Skills:
 + Level 13.7 Fighting
 + Level 13.8(19.5) Polearms
 + Level 14.3(15.1) Staves
 + Level 2.2 Throwing
 + Level 16.2 Dodging
 + Level 13.5 Stealth


You had 15 spell levels left.
You didn't know any spells.

Dungeon Overview and Level Annotations

Branches:
Dungeon (15/15)            Temple (1/1) D:4            Lair (6/6) D:9
  Swamp (0/4) Lair:3       Spider (1/4) Lair:2        Slime (0/5) Lair:6
    Orc (0/2) D:9          Vaults (0/5) D:13         Depths (0/5) D:15

Altars:
Ashenzari
Cheibriados
Dithmenos
Elyvilon
Fedhas
Gozag
Hepliaklqana
Kikubaaqudgha
Makhleb
Nemelex Xobeh
Okawaru
Qazlal
Ru
Sif Muna
Trog
Uskayaw
Vehumet
Xom
Yredelemnul
Zin
The Shining One
Jiyva

Shops:
D:13 ?   D:14 ![

Annotations:
D:11 1 runed door


Message History

You bludgeon the tarantella!!
You kill the tarantella!
The wolf spider closely misses Zola.
The wolf spider bites Zola but does no damage.
The helpless tarantella fails to defend itself.
You pound the tarantella like an anvil!!!
You kill the tarantella!
The wolf spider hits Zola!
The wolf spider closely misses Zola.
Zola hits the wolf spider with a dagger of draining!
Zola drains the wolf spider!
You thump the tarantella!
The tarantella is heavily wounded.
The tarantella completely misses you.
The wolf spider hits Zola!
The wolf spider bites Zola!
You bludgeon the tarantella!!
You kill the tarantella!
Zola barely misses the wolf spider.
The wolf spider hits Zola!
Zola is destroyed!
The wolf spider hits you!
You die...

.#.#####.####........ .. #
..^.....#......#....##. ..
....#........#........ ..
##..##..>...##..#.... .###
........#.#....###..#.....
..#.....###......s...s#
..###...#....#^.#..# .#
^..#.[.......##.##^#..#
...##.#.#..#...s@#....#
#..#....[.##......##.##
#.###........##....≈#..
#)......^#....#....#....#
#....#####.#...#.#....#.#
.#^### ..........##....^.
≈##.# #....#...#.. .#..##
#..## ##...##..#### # ..
.[.# ..#.#.....


You could see a wolf spider.

Vanquished Creatures
  Gastronok (D:9)
  Agnes (Spider:1)
  An entropy weaver (Spider:1)
  An ettin (D:15)
  Josephine (Spider:1)
  The ghost of Toogi the Blocker, a journeyman DDFi of Makhleb (D:10)
  A vault guard (D:13)
  2 ice dragons (IceCv)
  7 hydras
  Erica (D:9)
  A centaur warrior (D:14)
  A catoblepas (Lair:6)
  5 death yaks
  4 two-headed ogres
  A deep elf knight (D:14)
  Urug (D:14)
  5 skeletal warriors
  A deep troll (D:15)
  An unseen horror (shapeshifter) (D:13)
  An orc knight (D:14)
  3 orb spiders (Spider:1)
  A deep elf mage (D:15)
  16 ugly things
  2 oklob plants (Lair:3)
  A cyclops (D:12)
  6 wolf spiders (Spider:1)
  A manticore (D:13)
  3 centaur zombies
  2 ice statues (IceCv)
  A black mamba (Lair:4)
  6 elephants
  2 gargoyles
  A torpor snail (Lair:6)
  Psyche (D:9)
  25 spiny frogs
  The ghost of Reinor the Magician, a novice SpEE (D:5)
  9 komodo dragons
  A centaur skeleton (D:11)
  A kobold demonologist (D:14)
  5 rime drakes
  A freezing wraith (D:15)
  2 demonic crawlers (Spider:1)
  7 trolls
  3 tyrant leeches (Lair:6)
  3 jumping spiders (Spider:1)
  A hornet (Spider:1)
  5 slime creatures
  23 blink frogs
  14 hippogriffs
  5 redbacks (Spider:1)
  7 wraiths
  A vampire (D:13)
  10 tarantellas (Spider:1)
  A shadow (D:13)
  7 wyverns
  27 yaks
  2 basilisks (Lair:1)
  3 hungry ghosts
  10 vampire mosquitoes
  2 insubstantial wisps (Lair:3)
  A warg (D:15)
  3 acid dragons
  12 water moccasins
  Duvessa (D:5)
  6 porcupines
  13 orc warriors
  10 sky beasts
  A phantom (D:11)
  15 ice beasts
  9 ogres
  The ghost of dafubar the Shield-Bearer, an amateur HuFi (D:3)
  6 centaurs
  31 wolves
  15 crocodiles
  Blork the orc (D:6)
  4 big kobolds
  30 bullfrogs
  3 wyvern zombies
  A wyvern skeleton (D:13)
  Dowan (D:5)
  4 scorpions
  A water moccasin skeleton (D:9)
  12 killer bees
  3 howler monkeys
  7 crimson imps
  2 bullfrog zombies
  2 quasits
  4 hounds
  2 jellies
  13 orc priests
  4 bullfrog skeletons
  3 iguanas
  16 orc wizards
  10 worker ants
  A howler monkey zombie (D:9)
  10 adders
  3 gnolls (D:6)
  4 shadow imps
  An ooze (D:1)
  An adder zombie (D:8)
  5 worms
  3 dart slugs (D:1)
  5 leopard geckos
  72 orcs
  12 bats
  4 giant cockroaches
  9 goblins
  4 hobgoblins
  6 jackals
  2 quokkas
  2 ball pythons
  7 frilled lizards
  2 goblin skeletons (D:7)
  2 hobgoblin zombies (D:7)
  A jackal skeleton (D:6)
  A jackal zombie (D:8)
  9 kobolds
  A kobold skeleton (D:7)
  An orc skeleton (D:7)
  An orc zombie (D:7)
  A quokka zombie (D:6)
  9 rats
  2 bushes (Lair:2)
  4 plants
692 creatures vanquished.

Vanquished Creatures (collateral kills)
  Harold (D:11)
  Pikel (D:8)
  A manticore (D:14)
  Maurice (D:8)
  An elephant (Lair:4)
  Joseph (D:8)
  A black mamba (Lair:5)
  2 centaur skeletons
  2 spiny frogs
  A komodo dragon (Lair:6)
  A tyrant leech (Lair:6)
  A jumping spider (Spider:1)
  A slime creature (D:14)
  2 blink frogs
  2 hippogriffs
  A tarantella (Spider:1)
  A redback (Spider:1)
  2 yaks
  A vampire mosquito (Lair:6)
  An insubstantial wisp (Lair:3)
  A swamp drake (D:9)
  3 orc warriors
  3 ice beasts
  2 phantoms
  3 wolves
  A crocodile (Lair:2)
  4 bullfrogs
  A killer bee (D:9)
  An electric eel (Lair:6)
  A crimson imp (D:12)
  A hound (D:9)
  2 orc priests
  A bullfrog skeleton (D:7)
  Ijyb (D:5)
  An iguana (D:11)
  3 orc wizards
  2 worker ants
  An adder (D:6)
  A gnoll (D:6)
  10 orcs
  A hobgoblin (D:3)
  A kobold (D:9)
  A quokka (D:8)
  A frilled lizard (D:4)
  A hobgoblin zombie (D:7)
  An orc skeleton (D:7)
  A plant (Lair:2)
75 creatures vanquished.

Vanquished Creatures (others)
  17 hexers
  An ancestor (D:5)
  A worker ant zombie (D:8)
  3 bushes
  9 fungi
  27 plants
58 creatures vanquished.

Grand Total: 825 creatures vanquished

Notes
Turn   | Place    | Note
-------+----------+-------------------------------------------
     0 | D:1      | n0isemaker the Merfolk Gladiator began the quest for the Orb.
     0 | D:1      | Reached XP level 1. HP: 16/16 MP: 1/1
    47 | D:1      | Reached XP level 2. HP: 21/22 MP: 2/2
    49 | D:1      | Reached skill level 5 in Polearms
   536 | D:1      | Reached XP level 3. HP: 27/27 MP: 3/3
  1310 | D:2      | Reached XP level 4. HP: 30/34 MP: 4/4
  1509 | D:2      | Noticed a moth of wrath
  1512 | D:2      | Found a bloodstained altar of Trog.
  2212 | D:3      | Noticed dafubar's ghost (amateur HuFi)
  2275 | D:3      | Killed dafubar's ghost
  2275 | D:3      | Reached skill level 5 in Dodging
  2275 | D:3      | Reached XP level 5. HP: 11/40 MP: 5/5
  2777 | D:3      | Found a white marble altar of Elyvilon.
  2778 | D:3      | Found a blossoming altar of Fedhas.
  3148 | D:3      | Noticed a phantom
  3216 | D:4      | Reached XP level 6. HP: 41/47 MP: 6/6
  3466 | D:4      | Found a staircase to the Ecumenical Temple.
  3476 | Temple   | Entered the Ecumenical Temple
  3705 | Temple   | Became a worshipper of Hepliaklqana the Forgotten
  4023 | D:4      | Found a sparkling altar of Nemelex Xobeh.
  4355 | D:3      | Reached XP level 7. HP: 35/46 MP: 7/7
  4689 | D:3      | You fall through a shaft!
  4703 | D:5      | Entered Level 5 of the Dungeon
  4757 | D:5      | Reached skill level 1 in Stealth
  4827 | D:5      | You fall through a shaft for 2 floors!
  4833 | D:6      | Noticed Blork the orc
  4842 | D:6      | Killed Blork the orc
  4842 | D:6      | Reached skill level 10 in Polearms
  4864 | D:6      | Noticed a two-headed ogre
  4873 | D:6      | Killed a two-headed ogre
  4873 | D:6      | Reached XP level 8. HP: 54/54 MP: 8/8
  5156 | D:6      | Found an ancient bone altar of Kikubaaqudgha.
  5360 | D:5      | Reached * piety under Hepliaklqana
  5378 | D:5      | Reached skill level 6 in Dodging
  5397 | D:5      | Reached skill level 5 in Fighting
  5397 | D:5      | Reached XP level 9. HP: 35/61 MP: 9/9
  5426 | D:5      | Noticed Reinor's ghost (novice SpEE)
  5462 | D:5      | Killed Reinor's ghost
  5885 | D:5      | Noticed Ijyb
  5916 | D:5      | Killed Ijyb
  5998 | D:5      | Noticed Dowan
  6001 | D:5      | Noticed Duvessa
  6002 | D:5      | Killed Dowan
  6015 | D:5      | Killed Duvessa
  6015 | D:5      | Reached skill level 5 in Stealth
  6291 | D:5      | Got a pitted quarterstaff
  6292 | D:5      | Identified the +5 quarterstaff "Jafoerr" {crush, rF+ rC+ Str+4 SInv} (You found it on level 5 of the Dungeon)
  7146 | D:6      | Got a pair of polished boots
  7157 | D:6      | Identified the cursed -1 pair of boots "Poihef" {rPois rN+ Slay-4} (You found it on level 6 of the Dungeon)
  7176 | D:6      | Found a shimmering altar of Xom.
  7177 | D:6      | Found a shimmering altar of Xom.
  7283 | D:6      | Found a shimmering altar of Xom.
  7302 | D:6      | Reached skill level 1 in Staves
  7427 | D:6      | Found a shimmering altar of Xom.
  7590 | D:7      | Found a glowing golden altar of the Shining One.
  7693 | D:7      | Reached ** piety under Hepliaklqana
  7695 | D:7      | Remembered your ancestor Zola as a hexer
  7706 | D:7      | Found a radiant altar of Vehumet.
  8099 | D:7      | Reached skill level 7 in Dodging
  8267 | D:7      | Found a shattered altar of Ashenzari.
  8475 | D:7      | Reached XP level 10. HP: 49/69 MP: 10/10
  8788 | D:7      | Found a snail-covered altar of Cheibriados.
  8919 | D:8      | Reached skill level 8 in Dodging
  9066 | D:8      | Noticed Pikel
  9077 | D:8      | Killed Pikel
  9119 | D:8      | Noticed Maurice
  9140 | D:8      | Killed Maurice
  9237 | D:8      | Noticed Joseph
  9245 | D:8      | Killed Joseph
  9367 | D:8      | Found an iron altar of Okawaru.
  9515 | D:9      | Found a staircase to the Orcish Mines.
  9537 | D:9      | Reached skill level 5 in Staves
  9537 | D:9      | Reached skill level 9 in Dodging
  9917 | D:9      | Noticed Gastronok
 10636 | D:9      | Reached XP level 11. HP: 46/75 MP: 11/11
 10853 | D:9      | Found a staircase to the Lair.
 10909 | D:10     | Entered Level 10 of the Dungeon
 10961 | D:9      | Noticed Psyche
 10967 | D:9      | Killed Psyche
 11047 | D:9      | Killed Gastronok
 11047 | D:9      | Reached skill level 10 in Dodging
 11455 | D:9      | Found a shadowy altar of Dithmenos.
 11649 | D:9      | Noticed Erica
 11665 | D:9      | Killed Erica
 11865 | D:10     | Noticed Toogi's ghost (journeyman DDFi)
 11886 | D:10     | Killed Toogi's ghost
 12171 | D:10     | Found a shimmering altar of Xom.
 12234 | D:10     | Reached *** piety under Hepliaklqana
 12657 | D:11     | Noticed a red ugly thing
 12669 | D:11     | Killed a red ugly thing
 12904 | D:11     | Reached XP level 12. HP: 47/83 MP: 12/12
 13316 | D:11     | Reached skill level 11 in Dodging
 13906 | D:11     | Noticed Harold
 13924 | D:11     | Found a white marble altar of Elyvilon.
 13924 | D:11     | Noticed an angel
 13925 | D:11     | Found a runed door.
 13927 | D:11     | Killed Harold
 13984 | D:11     | Noticed a two-headed ogre
 13996 | D:11     | Killed a two-headed ogre
 14662 | D:12     | Noticed a five-headed hydra
 14673 | D:12     | Killed a five-headed hydra
 14686 | D:12     | Reached skill level 10 in Staves
 15638 | D:13     | Reached **** piety under Hepliaklqana
 15639 | D:13     | Found Ystuaman's Magic Scroll Boutique.
 15664 | D:13     | Bought a scroll of identify for 30 gold pieces
 16058 | D:13     | Reached skill level 12 in Dodging
 16093 | D:13     | Reached XP level 13. HP: 80/90 MP: 10/13
 16273 | D:13     | Found a gate to the Vaults.
 16273 | D:13     | Noticed a vault guard
 16290 | D:13     | Killed a vault guard
 16846 | D:14     | Noticed Urug
 17307 | D:13     | Reached skill level 10 in Fighting
 18311 | D:14     | Killed Urug
 18408 | D:14     | Found Raogh's Armour Emporium.
 18446 | D:14     | Bought the cursed +0 helmet "Qavalag" {Regen+} for 136 gold pieces
 18474 | D:14     | Reached skill level 10 in Stealth
 18495 | D:14     | Found Buahy's Distillery.
 18504 | D:14     | Bought a potion of curing for 39 gold pieces
 18504 | D:14     | Bought a potion of heal wounds for 65 gold pieces
 18632 | D:14     | Reached skill level 14 in Dodging
 18632 | D:14     | Reached XP level 14. HP: 101/101 MP: 14/14
 18718 | D:15     | Entered Level 15 of the Dungeon
 20569 | D:14     | Reached XP level 15. HP: 108/108 MP: 15/15
 20825 | D:15     | Reached ***** piety under Hepliaklqana
 20933 | D:15     | Found a staircase to the Depths.
 21565 | Lair:1   | Entered Level 1 of the Lair of Beasts
 22516 | Lair:2   | Found a frozen archway.
 22534 | IceCv    | Entered an ice cave
 22680 | IceCv    | Reached skill level 15 in Dodging
 22859 | IceCv    | Got a translucent copper ring
 22865 | IceCv    | Got a transparent amber ring
 22880 | IceCv    | Identified the ring "Supn" {-Tele rElec Str+2 Int+5 Stlth+} (You found it in an ice cave)
 22883 | IceCv    | Identified the ring "Syduroeq" {rCorr Dex+2} (You found it in an ice cave)
 23422 | Lair:2   | Found a hole to the Spider Nest.
 23435 | Spider:1 | Entered Level 1 of the Spider Nest
 23441 | Spider:1 | Noticed Josephine
 23458 | Spider:1 | Killed Josephine
 24867 | Lair:3   | Found a staircase to the Swamp.
 25480 | Lair:4   | Reached XP level 16. HP: 107/116 MP: 16/16
 26808 | Lair:5   | Reached ****** piety under Hepliaklqana
 27368 | Lair:6   | Entered Level 6 of the Lair of Beasts
 28130 | Lair:6   | Identified a scroll of acquirement
 28371 | Lair:6   | Reached skill level 16 in Dodging
 28763 | Lair:6   | Found a viscous altar of Jiyva.
 28763 | Lair:6   | Found a staircase to the Slime Pits.
 29681 | Spider:1 | Noticed Agnes
 29693 | Spider:1 | Killed Agnes
 30184 | Spider:1 | Slain by a wolf spider

Skill      XL: |  1  2  3  4  5  6  7  8  9 10 11 12 13 14 15 16 |
---------------+-------------------------------------------------+-----
Polearms       | 5 6 7 8 9 11 12 13 | 13.8
Dodging        | 5 6 7 9 10 12 14 15 16 | 16.2
Fighting       | 3 4 5 6 7 8 9 11 12 13 | 13.7
Stealth        | 3 4 5 6 8 9 10 12 13 | 13.5
Staves         | 3 6 8 10 11 12 13 14 | 14.3
Throwing       | |  2.2

Action                   |  1- 3 |  4- 6 |  7- 9 | 10-12 | 13-15 | 16-18 || total
-------------------------+-------+-------+-------+-------+-------+-------++-------
Melee: Trident           |   124 |   207 |   157 |       |       |       ||   488
       Quarterstaff      |       |       |   108 |   633 |   972 |   399 ||  2112
       Tailslap          |       |       |       |       |       |    29 ||    29
Throw: Throwing net      |       |       |     2 |     1 |     1 |     1 ||     5
       Tomahawk          |       |       |       |     1 |       |       ||     1
Invok: Recall Ancestor   |       |       |     2 |     1 |     2 |       ||     5
       Ancestor Life: He |       |       |     1 |       |       |       ||     1
 Abil: Evoke Berserk Rag |       |       |       |       |     1 |     1 ||     2
Evoke: Wand              |       |       |     3 |     4 |     2 |       ||     9
  Use: Scroll            |       |     8 |     5 |     8 |    17 |     8 ||    46
       Potion            |       |     2 |     3 |     5 |     6 |     3 ||    19
 Stab: Sleeping          |     2 |     1 |     8 |    16 |    27 |    14 ||    68
       Held in net/web   |       |       |     6 |     1 |     3 |       ||    10
       Distracted        |       |       |     2 |     7 |    14 |       ||    23
       Confused          |       |       |     1 |     8 |    11 |     4 ||    24
       Paralysed         |       |       |       |       |    11 |    11 ||    22
  Eat: Chunk             |     1 |     9 |     9 |    14 |    11 |     6 ||    50
       Bread ration      |       |       |     1 |     3 |     5 |     1 ||    10
       Fruit             |       |       |       |       |       |     8 ||     8
Armor: Leather armour    |    39 |    36 |    56 |    86 |   117 |    50 ||   384
       Robe              |       |       |       |    22 |       |       ||    22
Dodge: Dodged            |    89 |   138 |   174 |   430 |   703 |   475 ||  2009
       Deflected         |       |       |     8 |     4 |    17 |     1 ||    30
